 Dungeon Crawl Stone Soup version 0.27-a0-34-gc18c9092ac (webtiles) character file.

Game seed: 16873457743479756486

10009 HoaS the Grappler (level 11, -5/122 HPs)
             Began as a Troll Gladiator on Jan 4, 2021.
             Was a Follower of Makhleb.
             Hit by a large rock thrown by a cyclops (41 damage)
             ... on level 11 of the Dungeon.
             The game lasted 00:21:36 (8865 turns).

HoaS the Grappler (Troll Gladiator)                 Turns: 8865, Time: 00:21:36

Health: -5/122     AC: 12    Str: 24    XL:     11   Next: 30%
Magic:  10/10      EV: 13    Int:  4    God:    Makhleb [*.....]
Gold:   576        SH:  0    Dex: 14    Spells: 10/10 levels left

rFire    + . .     SeeInvis .     - Unarmed
rCold    . . .     Faith    .   (no shield)
rNeg     . . .     Spirit   .   l - +1 robe {rF+}
rPois    +         Reflect  .   b - +2 hat
rElec    .         Harm     .   w - +2 cloak {Will+}
rCorr    .         Rampage  .   (gloves unavailable)
Will     +....                  (boots unavailable)
Stlth    +.........             D - amulet of Vitality {Regen+ HP+15}
HPRegen  1.10/turn              d - ring of poison resistance
MPRegen  0.12/turn              (no ring)

@: no status effects
A: large, unfitting armour, claws 3, regeneration 1, shaggy fur 1, tough skin 3
a: Renounce Religion


You were on level 11 of the Dungeon.
You worshipped Makhleb.
Makhleb was aware of your devotion.
You visited 2 branches of the dungeon, and saw 12 of its levels.
You also visited: Ossuary.

You collected 630 gold pieces.
You spent 54 gold pieces at shops.

Inventory:

Missiles
 c - 3 throwing nets (quivered)
 i - 41 poisoned darts
 r - 7 datura-tipped darts
 v - 7 boomerangs
 x - 5 silver javelins
 E - 6 large rocks
 H - 2 atropa-tipped darts
Armour
 b - a +2 hat (worn)
 l - a +1 robe of fire resistance (worn)
 w - a +2 cloak of willpower (worn)
Jewellery
 d - a ring of poison resistance (left claw)
 e - the ring of the Pariah {+Inv rN+ Will++}
   (You took it off an orc on level 8 of the Dungeon)

   [ring of positive energy]

   It protects you from negative energy.
   It affects your willpower, your defense against some magical effects.
   It lets you turn invisible.
 D - the amulet of Vitality (around neck) {Regen+ HP+15}
   (You found it on level 6 of the Dungeon)

   [amulet of regeneration]

   It affects your health (+15).
   It increases your rate of regeneration.
Wands
 q - a wand of digging (5)
 y - a wand of paralysis (21)
 A - a wand of flame (48)
 J - a wand of polymorph (8)
 K - a wand of enslavement (6)
Scrolls
 g - a scroll of fear
 m - 7 scrolls of teleportation
 s - 9 scrolls of remove curse
 t - 4 scrolls of blinking
 u - a scroll of identify
 B - 4 scrolls of magic mapping
 M - a scroll of enchant armour
Potions
 a - 3 potions of mutation
 f - a potion of berserk rage
 h - 4 potions of might
 j - a potion of flight {unknown}
 k - 4 potions of curing
 n - 4 potions of heal wounds
 o - a potion of attraction {unknown}
 p - a potion of lignification {unknown}
 z - 3 potions of haste
 C - a potion of invisibility {unknown}
 F - 2 potions of ambrosia
 G - a potion of degeneration {unknown}
 I - a potion of resistance {unknown}
 L - a potion of brilliance {unknown}
 N - a potion of cancellation {unknown}


   Skills:
 + Level 6.5 Fighting
 - Level 5.0 Throwing
 + Level 6.4 Dodging
 * Level 13.5 Unarmed Combat


You had 10 spell levels left.
You didn't know any spells.
Your spell library contained the following spells:

 Spells                   Type           Power        Failure   Level
 Magic Dart               Conj           0%           50%         1
 Summon Small Mammal      Summ           0%           50%         1
 Blink                    Tloc           N/A          65%         2
 Call Imp                 Summ           0%           65%         2
 Slow                     Hex            0%           65%         2
 Call Canine Familiar     Summ           0%           86%         3
 Conjure Flame            Conj/Fire      0%           86%         3
 Mephitic Cloud           Conj/Pois/Air  0%           86%         3
 Summon Guardian Golem    Hex/Summ       0%           86%         3
 Cause Fear               Hex            0%           99%         4
 Summon Ice Beast         Ice/Summ       0%           99%         4
 Summon Lightning Spire   Summ/Air       0%           99%         4
 Silence                  Hex/Air        0%           100%        5
 Yara's Violent Unravell  Hex/Tmut       0%           100%        5
 Discord                  Hex            0%           100%        8


Dungeon Overview and Level Annotations

Branches:
Dungeon (11/15)            Temple (1/1) D:5            Lair (0/6) D:9
    Orc (0/2) D:9         Ossuary (visited)

Altars:
Ashenzari
Cheibriados
Dithmenos
Elyvilon
Fedhas
Gozag
Hepliaklqana
Kikubaaqudgha
Makhleb
Nemelex Xobeh
Okawaru
Qazlal
Ru
Sif Muna
Trog
Uskayaw
Vehumet
Wu Jian
Xom
Yredelemnul
Zin
The Shining One

Shops:
D:6 *

Annotations:
D:8 4 runed translucent doors


Innate Abilities, Weirdness & Mutations

You are too large for most types of armour.
You have claws for hands.
Your natural rate of healing is unusually fast.
You are covered in fur. (AC +1)
You have extremely tough skin. (AC +3)


Message History

The ice beast hits you but does no damage.
Found a stone staircase leading up.
You claw the ice beast!
The ice beast is heavily wounded.
Something hits you but does no damage.
The ice beast hits you but does no damage.
Something hits you.
You scratch the ice beast but do no damage.
The ice beast is heavily wounded.
Something hits you.
The cyclops throws a large rock.
The large rock hits you!! The ice beast barely misses you.
You closely miss the ice beast.
The ice beast is heavily wounded.
Something hits you.
The ice beast hits you but does no damage.
You scratch the ice beast.
The ice beast is heavily wounded.
Something hits you but does no damage.
The cyclops throws a large rock.
The large rock hits you!!!
You die...

.<.. ....[ ......
...... ......
......#########
...............
.......@.......
......Y[..######
................
...............
...........####
########...#
###########...####
......)....C.......
...................


You could see a cyclops and an ice beast.

Vanquished Creatures
  Gastronok (D:11)
  2 two-headed ogres
  Pikel (D:9)
  A hornet (D:8)
  A wraith (D:11)
  Eustachio (D:5)
  4 yaks (D:10)
  A black bear (D:8)
  2 ice beasts
  6 orc warriors (D:9)
  A phantom (D:9)
  A necrophage (D:9)
  12 ogres
  3 centaurs
  3 lemures (D:9)
  2 big kobolds (D:8)
  8 bullfrogs
  A gnoll sergeant (D:11)
  2 scorpions
  8 killer bees
  6 wights
  7 howler monkeys
  2 jellies
  4 orc priests
  10 orc wizards
  3 bullfrog skeletons
  5 hounds
  A gnoll shaman (D:6)
  Crazy Yiuf (D:7)
  2 iguanas (D:9)
  6 worker ants
  A killer bee zombie (D:6)
  A hound skeleton (D:9)
  12 mummies (Ossuary)
  3 worker ant zombies
  A howler monkey zombie (D:11)
  15 gnolls
  A howler monkey skeleton (D:8)
  11 adders
  6 shadow imps
  2 ufetubi
  A worm (D:2)
  2 dart slugs
  5 leopard geckos
  71 orcs
  11 bats
  10 giant cockroaches
  10 hobgoblins
  8 jackals
  4 quokkas
  2 ball pythons
  4 frilled lizards
  2 gnoll skeletons (Ossuary)
  5 goblins
  A goblin skeleton (Ossuary)
  16 kobolds
  3 kobold skeletons (Ossuary)
  2 orc skeletons (Ossuary)
  A quokka skeleton (D:7)
  5 rats
  11 rat skeletons (Ossuary)
  A spectral orc (D:5)
336 creatures vanquished.

Notes
Turn   | Place    | Note
-------+----------+-------------------------------------------
     0 | D:1      | HoaS the Troll Gladiator began the quest for the Orb.
     0 | D:1      | Reached XP level 1. HP: 19/19 MP: 0/0
    34 | D:1      | Reached XP level 2. HP: 25/28 MP: 1/1
    42 | D:1      | You fall into a shaft and drop 1 floor!
   239 | D:1      | Reached XP level 3. HP: 35/35 MP: 2/2
   806 | D:2      | Reached skill level 4 in Unarmed Combat
   812 | D:2      | Reached XP level 4. HP: 40/42 MP: 3/3
  2204 | D:3      | Reached skill level 5 in Unarmed Combat
  2204 | D:3      | Reached XP level 5. HP: 50/50 MP: 4/4
  2698 | D:4      | Noticed an ogre
  2708 | D:4      | Killed an ogre
  2709 | D:4      | Reached skill level 6 in Unarmed Combat
  2709 | D:4      | Reached XP level 6. HP: 59/59 MP: 5/5
  2914 | D:4      | Reached skill level 7 in Unarmed Combat
  3514 | D:5      | Entered Level 5 of the Dungeon
  3558 | D:5      | Found a stormy altar of Qazlal.
  3636 | D:5      | Reached XP level 7. HP: 63/66 MP: 6/6
  3711 | D:5      | Found a staircase to the Ecumenical Temple.
  3759 | Temple   | Entered the Ecumenical Temple
  3994 | D:5      | Found a basalt altar of Yredelemnul.
  4040 | D:5      | Noticed Eustachio
  4061 | D:5      | Killed Eustachio
  4062 | D:5      | Reached skill level 8 in Unarmed Combat
  4539 | D:6      | Found the amulet of Vitality {Regen+ HP+15}
  4543 | D:6      | Found Emuzedio's Mass Market.
  4552 | D:6      | Bought 2 large rocks for 18 gold pieces
  4552 | D:6      | Bought 4 large rocks for 36 gold pieces
  4658 | D:6      | Reached skill level 9 in Unarmed Combat
  4829 | D:6      | Reached XP level 8. HP: 69/74 MP: 7/7
  5191 | D:6      | Reached skill level 10 in Unarmed Combat
  5331 | D:7      | Found a bloodstained altar of Trog.
  5839 | D:7      | Found a runed translucent door.
  5840 | D:7      | Noticed Crazy Yiuf
  5849 | D:7      | Killed Crazy Yiuf
  5921 | D:8      | Reached XP level 9. HP: 83/83 MP: 8/8
  6007 | D:8      | Found a sand-covered staircase.
  6062 | Ossuary  | Entered an ossuary
  6393 | D:8      | Noticed a two-headed ogre
  6420 | D:8      | Killed a two-headed ogre
  6421 | D:8      | Reached skill level 11 in Unarmed Combat
  6608 | D:8      | Found a large runed translucent door.
  6615 | D:8      | Found a large runed translucent door.
  6620 | D:8      | Noticed a brown ugly thing
  6723 | D:8      | Found a large runed translucent door.
  6723 | D:8      | Found a large runed translucent door.
  6808 | D:8      | Identified the ring of the Pariah {+Inv rN+ Will++}
  7121 | D:9      | Reached XP level 10. HP: 94/94 MP: 9/9
  7148 | D:9      | Noticed a two-headed ogre
  7166 | D:9      | Killed a two-headed ogre
  7167 | D:9      | Reached skill level 5 in Throwing
  7167 | D:9      | Reached skill level 12 in Unarmed Combat
  7184 | D:9      | Noticed Pikel
  7187 | D:9      | Killed Pikel
  7188 | D:9      | Reached skill level 5 in Fighting
  7188 | D:9      | Reached skill level 5 in Dodging
  7253 | D:9      | Found a staircase to the Lair.
  7502 | D:9      | Found a staircase to the Orcish Mines.
  7818 | D:9      | Found a burning altar of Makhleb.
  7829 | D:9      | Became a worshipper of Makhleb the Destroyer
  7856 | D:10     | Entered Level 10 of the Dungeon
  8306 | D:10     | Reached skill level 13 in Unarmed Combat
  8559 | D:10     | Reached XP level 11. HP: 97/105 MP: 10/10
  8711 | D:11     | Reached * piety under Makhleb
  8838 | D:11     | Noticed Gastronok
  8859 | D:11     | Killed Gastronok
  8865 | D:11     | Hit by a large rock thrown by a cyclops

Illustrated notes

Levels and vault maps discovered:
D:1:      minmay_arrival_cross, layout_loops_ring, st_stairs_11,
          minmay_pentomino_o2
D:2:      layout_loops_ring, minmay_crystal_water, eino_tiny_chamber,
          kennysheep_generic_room_15
D:3:      layout_basic, serial_corexii_hall, corexii_hall_statues_deadend,
          corexii_hall_statues_i, corexii_hall_statues_t,
          corexii_hall_statues_i, minmay_misc_feat_doors
D:4:      layout_layer_cave, kennysheep_small_circle
D:5:      layout_gridville, yredelemnul_forgotten_temple_becter,
          lemuel_doored_altar, minmay_temple_entry_statues_fountains,
          uniq_eustachio
D:6:      layout_gridville, minmay_shop_mass
D:7:      layout_rooms, nicolae_overflow_hidden_temple, minmay_quadrilaterals,
          uniq_crazy_yiuf_cottage
D:8:      layout_basic, lightli_ossuary_entry_decrepit_ruins,
          minmay_hollow_rounded_squares
D:9:      layout_basic, makhleb_blood_cavern_becter, hiddenorc2_lemuel,
          uniq_pikel
D:10:     layout_basic
D:11:     layout_long_grid, kennysheep_flooded_box, uniq_josephine,
          uniq_gastronok
Temple:   eino_narrow_crystal_temple

Skill      XL: |  1  2  3  4  5  6  7  8  9 10 11 |
---------------+----------------------------------+-----
Throwing       | 2 3 4 5 |  5.0
Fighting       | 2 3 4 6 |  6.5
Unarmed Combat | 4 5 6 7 9 10 11 13 | 13.5
Dodging        | 3 4 5 6 |  6.4

Action                   |  1- 3 |  4- 6 |  7- 9 | 10-12 || total
-------------------------+-------+-------+-------+-------++-------
Melee: Unarmed           |    97 |   180 |   325 |   274 ||   876
       Punch             |       |     3 |    18 |    26 ||    47
Throw: Dart              |       |     3 |     5 |       ||     8
       Throwing net      |       |     1 |     1 |     2 ||     4
  Use: Scroll            |     7 |     8 |    11 |     2 ||    28
 Stab: Sleeping          |     1 |     2 |     3 |       ||     6
       Distracted        |       |       |     1 |       ||     1
       Held in net/web   |       |       |       |     2 ||     2
Armor: Robe              |    50 |    46 |    68 |    74 ||   238
Dodge: Dodged            |    62 |    93 |   171 |   123 ||   449

Table legend: (Time is in decaauts)
 A = Elapsed time spent in this place.
 B = Non-inter-level travel time spent in this place.
 C = Inter-level travel time spent in this place.
 D = Time resting spent in this place.
 E = Time spent auto-exploring this place.
 F = Levels seen in this place.
 G = Mean time per level.
                   A        B        C        D        E       F      G
               +--------+--------+--------+--------+--------+-----+--------+
         Total |   8706 |   8306 |    400 |    112 |   6316 |  13 |  669.7 |
       Dungeon |   8225 |   7837 |    388 |    112 |   5994 |  11 |  747.7 |
        Temple |    185 |    173 |     12 |      0 |    171 |   1 |  185.0 |
       Ossuary |    295 |    295 |      0 |      0 |    151 |   1 |  295.0 |
               +--------+--------+--------+--------+--------+-----+--------+

Top non-repeatable levels by time:
     D:4: 1075 daAuts
     D:3: 1016 daAuts
     D:6: 891 daAuts
     D:8: 862 daAuts
    D:10: 823 daAuts
     D:9: 717 daAuts
     D:1: 715 daAuts
     D:2: 685 daAuts
     D:7: 661 daAuts
     D:5: 620 daAuts
 Ossuary: 295 daAuts
  Temple: 185 daAuts
    D:11: 155 daAuts
